Map: King Sejong Station LE

Players

Akili

  • Race: Protoss Protoss
  • League: Diamond

Odveta - Winner!

  • Race: Zerg Zerg
  • League: Diamond

VOD

Have the link to the VOD?

Description

Time

  • Played on: Oct. 26, 2016, 11:22 p.m.
  • Length: 10:41
Show
View Real Time Build Order
Export as new Build Order

Akili Protoss 

Build Orders: Cannon Rush 

Get SALT Encoding   

  12  0:01  Probe (Chrono Boost)  
  13  0:12  Probe (Chrono Boost)  
  14  0:19  Pylon  
  14  0:23  Probe (Chrono Boost)  
  15  0:32  Assimilator  
  15  0:37  Probe (Chrono Boost)  
  16  0:44  Forge  
  16  1:04  Pylon  
  16  1:10  Probe (Chrono Boost)  
  17  1:22  Photon Cannon  
  17  1:26  Photon Cannon  
  17  1:34  Pylon  
  17  1:43  Pylon  
  17  1:54  Photon Cannon  
  17  1:56  Photon Cannon  
  17  2:08  Photon Cannon  
  17  2:18  Photon Cannon  
  17  2:30  Gateway  
  17  2:45  Photon Cannon  
  17  2:50  Pylon  
  17  2:59  Pylon  
  17  3:10  Photon Cannon  
  17  3:31  Cybernetics Core  
  17  3:35  Photon Cannon  
  17  3:45  Pylon  
  17  3:58  Assimilator  
  17  4:04  Gateway  
  17  4:12  Photon Cannon  
  17  4:18  Warp Gate  
  17  4:26  Gateway  
  17  5:12  Stalker  
  17  5:14  Pylon  
  19  5:21  Gateway  
  19  5:23  Gateway  
  19  5:49  Adept  
  21  6:25  Stalker x4  
  25  6:26  Stalker  
  25  6:29  Pylon  
  31  6:51  Adept x2  
  33  7:12  Adept x3  
  31  7:36  Zealot x2  
Show
View Real Time Build Order
Export as new Build Order

Odveta Zerg - Winner!

Build Orders: Hatch First, Ravager All-In 

Get SALT Encoding   

  12  0:00  Drone  
  13  0:12  Overlord  
  13  0:18  Drone  
  14  0:29  Extractor, Drone  
  14  0:31  Drone  
  14  0:35  Drone  
  17  0:55  Unknown, Hatchery  
  16  0:57  Drone  
  16  1:01  Drone  
  18  1:04  Extractor  
  17  1:16  Spawning Pool  
  16  1:20  Drone  
  16  1:24  Drone  
  18  1:29  Drone  
  19  1:40  Overlord  
  19  2:04  Queen  
  19  2:06  Unknown, Zergling x2  
  22  2:09  Queen  
  22  2:13  Zergling x4  
  26  2:22  Zergling x2  
  27  2:27  Zergling x2  
  28  2:32  Spine Crawler  
  27  2:37  Roach Warren  
  26  2:57  Zergling x2  
  26  2:58  Zergling x6  
  30  3:01  Queen  
  30  3:05  Queen  
  34  3:19  Roach  
  34  3:30  Roach  
  34  3:33  Overlord  
  34  4:02  Roach x4  
  42  4:04  Ravager  
  41  4:13  Ravager  
  41  4:14  Roach  
  44  4:27  Overlord x2  
  43  4:45  Ravager  
  43  4:46  Ravager  
  44  4:57  Ravager  
  42  5:17  Roach x2  
  42  5:19  Overlord x2  
  44  5:28  Roach  
  44  5:29  Roach  
  44  5:35  Spawning Pool  
  45  5:41  Roach  
  41  6:06  Drone x2  
  41  6:07  Drone x4  
  47  6:23  Roach x2  
  51  6:28  Drone  
  51  6:29  Extractor  
  51  6:33  Drone  
  52  6:44  Roach  
  52  6:45  Roach x4  
  56  7:10  Unknown, Hatchery  
  45  7:46  Roach x2  
  45  7:47  Roach x2  
  30  8:21  Unknown  
  27  8:48  Spawning Pool  
  26  9:01  Roach x2  
  30  9:22  Drone  
  29  9:31  Drone  
  30  10:00  Drone  
  31  10:14  Drone  
Tags
 
Add a new tag
Caveats
  • Supply blocks, unpowered buildings, or Contaminate may cause inaccurate times.
  • Supply counts are checked every 10 seconds.